[Event "Championnat du monde jeunes U12"]
[Date "2024.11.20"]
[White "Yerzhanuly Yernur"]
[Black "Obidov, Biloliddin"]
[WhiteElo "1917"]
[BlackElo "2088"]
[Round "6.22"]
[Result "1-0"]
[TimeControl "5400+30"]

1. d4 Nf6 2. Bf4 d5 3. e3 c5 4. Nf3 Nc6 5. Nbd2 cxd4 6. exd4 Bf5 7. Bb5 Qb6 8. c4 dxc4 9. a4 Bd3 10. Ne5 e6 11. Ndxc4 Bb4+ 12. Bd2 Bxc4 13. Nxc4 Bxd2+ 14. Qxd2 Qc7 15. Qb4 Rd8 16. Ne5 Nd5 17. Qc5 Ne7 18. Qxa7 O-O 19. Nxc6 Nxc6 20. Bxc6 Qxc6 21. O-O Rd5 22.
Rac1 Qd7 23. Rc4 Qe7 24. h3 h6 25. Rfc1 Rd7 26. Qc5 Qd8 27. Qb5 Kh7 28. Rc8 Qe7 29. Rxf8 Rxd4 30. Rfc8 Qd6 31. Qxb7 Rf4 32. a5 Qd2 33. Qb6 Rf5 34. a6 Rg5 35. a7 Qd5 36. a8=Q Rxg2+ 37. Kf1 Rxf2+ 38. Qxf2 Qd3+ 39. Ke1 1-0

[Variant "Standard"]
[Site "Europe Echecs"]

[Event "Championnat du monde jeunes U12"]
[Date "2024.11.20"]
[White "Xia, Jinnan"]
[Black "Karthi, Jashith"]
[WhiteElo "1850"]
[BlackElo "2073"]
[Round "6.23"]
[Result "0-1"]
[TimeControl "5400+30"]

1. d4 d5 2. c4 e6 3. Nc3 a6 4. Nf3 dxc4 5. e3 b5 6. a4 b4 7. Nb1 Bb7 8. Bxc4 Nf6 9. O-O Bd6 10. b3 Nbd7 11. Bb2 O-O 12. Be2 c5 13. Nbd2 cxd4 14. Bxd4 Be7 15. a5 Nd5 16. Nc4 Bf6 17. Nd6 Qc7 18. Nxb7 Qxb7 19. Bxf6 N7xf6 20. Ne5 Nc3 21. Bf3 Qb5 22. Qd4 Rad8 23. Qf4 Nfd5 24. Qc4 Qxc4 25. Nxc4 Nc7 26. Ne5 N7d5 27. Rfc1 f6 28. Nd3 Rb8 29. Nc5 Rb5 30. Nxe6 Rc8 31. Nd4 Rbb8 32. Kf1 Ne7 33.
Bg4 Rc5 34. Be6+ Kh8 35. Bc4 Nc6 36.
Bxa6 Nxa5 37. Bd3 g6 38. Ke1 Rd5 39. Be2 Rxd4 40. Rxa5 Rd7 41. Bf3 Kg7 42. Rca1 Rd6 43. Ra7+ Kh6 44. Rf7 Rbd8 45. Rb7 Rd2 46. Rxb4 Rb2 47. Kf1 Rdd2 48. Kg1 Na2 49. Rf4 Kg7 50. Bc6 Rxb3 51. h4 Rbb2 52. g4 h6 53. Bg2 g5 54. hxg5 hxg5 55. Rf5 Rdc2 56. Be4 Rc4 57. Bf3 Rcc2 58. Bd5 Rc1+ 59. Rxc1 Nxc1 60. Bc4 Ne2+ 61. Kg2 Nc3 62. Kf3 Nd1 63. Kg3 Nc3 64. f3 Nd1 65. Rd5 Nxe3 66. Rd7+ Kf8 67. Be6 Nf1+ 68. Kh3 Rh2# 0-1

[Variant "Standard"]
[Site "Europe Echecs"]

[Event "Championnat du monde jeunes U12"]
[Date "2024.11.20"]
[White "Minga-Nagy, Abel Inti"]
[Black "Anagnostopoulos, Panagiotis"]
[WhiteElo "2033"]
[BlackElo "1848"]
[Round "6.24"]
[Result "1-0"]
[TimeControl "5400+30"]

1. e4 e5 2. Nf3 Nc6 3. d4 exd4 4. Bc4 Nf6 5. O-O Nxe4 6. Re1 d5 7. Bxd5 Qxd5 8. Nc3 Qd7 9. Nxe4 Be7 10. Bg5 O-O 11. Bxe7 Qxe7 12. Nxd4 Nxd4 13. Qxd4 Rd8 14. Qe3 Bf5 15. Qf3 Bg6 16. h3 Qb4 17. b3 Re8 18. c4 Rad8 19. Re2 Re7 20. a3 Qa5 21. Nf6+ Kf8 22. Rxe7 Kxe7 23. Nd5+ Kf8 24. Qe3 Re8 25. Qg3 c6 26. Qd6+ Kg8 27. Ne7+ Kh8 28. Qd7 Qd8 29. Nxg6+ fxg6 30. Qxb7 Qd4 31. Rf1 Qc5 32. a4 g5 33. Qc7 Rf8 34. Qg3 h6 35. Re1 Qf5 36. Qe3 Qf7 37. f3 Rb8 38. Qd3 Qc7 39. Qc2 Rd8 40. c5 Qd7 41. Kh1 Rb8 42. Rd1 Qe6 43. a5 Qg8 44. Rd6 Rxb3 45. Rxc6 Qb8 46. Rd6 Rb1+ 47. Rd1 Rxd1+ 48. Qxd1 Qc7 49.
Qd6 Qxa5 50. c6 Qa6 51. Qf8+ Kh7 52.
Qf5+ g6 53. Qf7+ Kh8 54. c7 g4 55. Qe8+ Kg7 56. c8=Q 1-0

[Variant "Standard"]
[Site "Europe Echecs"]

[Event "Championnat du monde jeunes U12"]
[Date "2024.11.20"]
[White "Marchand, Calix"]
[Black "Lee, Daniel Joshua"]
[WhiteElo "2027"]
[BlackElo "1765"]
[Round "6.25"]
[Result "1-0"]
[TimeControl "5400+30"]

1. a3 e5 2. c4 Nf6 3. Nc3 d5 4. cxd5 Nxd5 5. Nf3 Nc6 6. Qc2 Be6 7. e3 a6 8. b4 Nxc3 9. dxc3 Bd6 10. Bb2 O-O 11. c4 f6 12. Bd3 g6 13. O-O-O Qe8 14. h4 Qf7 15. Qc3 Ne7 16. Be2 a5 17. b5 Rac8 18. Nd2 Rfd8 19. Ne4 b6 20. g4 Kg7 21. Rhf1 Ng8 22. f4 exf4 23. exf4 Be7 24. Ng5 Rxd1+ 25. Rxd1 Qe8 26. Nxe6+ Kh8 27. f5 gxf5 28. gxf5 Nh6 29. Qf3 c6 30. bxc6 Qxc6 31. Qf4 Nf7 32. Rg1 Ne5 33. Qxe5 h6 34. Qg3 1-0

[Variant "Standard"]
[Site "Europe Echecs"]

[Event "Championnat du monde jeunes U12"]
[Date "2024.11.20"]
[White "Hallmundarson, Birkir"]
[Black "Elhusseiny, Eyad"]
[WhiteElo "1914"]
[BlackElo "2017"]
[Round "6.26"]
[Result "0-1"]
[TimeControl "5400+30"]

1. Nf3 Nf6 2. c4 e6 3. Nc3 d5 4. d4 Nbd7 5. Bg5 Be7 6. e3 O-O 7. cxd5 exd5 8. Bd3 c6 9. O-O h6 10. Bh4 Ne4 11. Bxe7 Qxe7 12. Qc2 Re8 13. Rab1 a5 14. a3 g5 15. b4 axb4 16. axb4 b5 17. Ne2 Qd6 18. Ng3 Nxg3 19. hxg3 Nb6 20. Qc5 Qxc5 21. dxc5 Nd7 22. Ra1 Rxa1 23. Rxa1 Ne5 24. Nxe5 Rxe5 25. Ra8 Re8 26. Kf1 Kf8 27. Ke2 Bg4+ 28. f3 Bxf3+ 29. gxf3 Rxa8 30. e4 d4 31. e5 Ra2+ 32. Ke1 Rb2 33. Be4 Rxb4 34. Bxc6 Rc4 35. Bxb5 Rxc5 36. Be2 Rxe5 37. Kd2 Ke7 38. Kd3 Re3+ 39. Kd2 Kd6 40. g4 Ke5 41. Kd1 Kf4 42. Bc4 Kxf3 43. Bxf7 Kxg4 44. Kd2 h5 45. Bd5 h4 46. Bh1 h3 47. Bd5 h2 48. Ba8 Rf3 49. Bb7 h1=Q 50. Ba6 Qg2+ 51. Ke1 Re3+ 52. Kd1 Qg1+ 53. Kd2 Qf2+ 54. Kd1 Re1# 0-1

[Variant "Standard"]
[Site "Europe Echecs"]

[Event "Championnat du monde jeunes U12"]
[Date "2024.11.20"]
[White "Berdashkevich, Makar"]
[Black "Stepanyan, Davit"]
[WhiteElo "1848"]
[BlackElo "2011"]
[Round "6.27"]
[Result "0-1"]
[TimeControl "5400+30"]

1. e4 e6 2. d4 d5 3. Nc3 Bb4 4. e5 Ne7 5. a3 Bxc3+ 6. bxc3 c5 7. a4 Qc7 8. Nf3 b6 9. Bb5+ Bd7 10. Bd3 h6 11. O-O Nbc6 12. h3 cxd4 13. cxd4 Nb4 14. Ba3 Nxd3 15. cxd3 Qd8 16. Qd2 O-O 17. a5 bxa5 18. Bxe7 Qxe7 19. Rxa5 a6 20. Rc5 Bb5 21. Rfc1 Qb7 22. Ne1 Qb6 23. f4 Rfb8 24. Qb2 Qd8 25. Qa3 Qh4 26. Nc2 Qxf4 27. Rf1 Qd2 28. Rf3 Rc8 29. Qb3 Rab8 30. Ne3 Qxd3 31. Qb4 Be8 32. Qa5 Qxd4 33. Rxc8 Rxc8 34. Qxa6 Rc1+ 35. Kf2 Qb2+ 36. Kg3 Qxe5+ 37. Kf2 d4 38. Nf1 Bb5 39. Qa8+ Kh7 40. Kg1 Rxf1+ 41. Rxf1 Qe3+ 42. Rf2 Qe1+ 43. Kh2 Qxf2 44. Qe4+ f5 45. Qxe6 Bf1 46. Qd5 d3 47. h4 Qxg2+ 48. Qxg2 Bxg2 49. Kxg2 d2 50. h5 d1=Q
51. Kf2 Qxh5 52. Ke3 g5 53. Kd4 f4 54.
Ke4 f3 55. Ke3 g4 56. Kf2 Qe5 57. Kf1 Qe2+ 0-1

[Variant "Standard"]
[Site "Europe Echecs"]

[Event "Championnat du monde jeunes U12"]
[Date "2024.11.20"]
[White "Gao, Arthur"]
[Black "Dauren, Darmen"]
[WhiteElo "1979"]
[BlackElo "1820"]
[Round "6.28"]
[Result "1/2-1/2"]
[TimeControl "5400+30"]

1. e4 c5 2. Nf3 Nf6 3. e5 Nd5 4. Nc3 e6 5. Ne4 Nc6 6. c4 Nb6 7. d4 cxd4 8. Nd6+ Bxd6 9. exd6 e5 10. Bg5 f6 11. Bh4 Kf8 12. Qb3 Rb8 13. Bd3 Qe8 14. c5 Na8 15. O-O b6 16. cxb6 Nxb6 17. Nd2 g5 18. Bg3 Bb7 19. Rae1 Qf7 20. Qa3 Kg7 21. b4 Rhc8 22. Ne4 Nc4 23. Qb3 Ba6 24. a3 Rb6 25. Rc1 Nb8 26. a4 Nxd6 27. Qxf7+ Nxf7 28. b5 Rxc1 29. Rxc1 Bb7 30. a5 Rxb5 31. Bxb5 Bxe4 32. f3 Bc6 33. Bxc6 Nxc6 34. Be1 Nd6 35. Kf2 Kf7 36. Ke2 Ke6 37. Rc5 a6 38. Bd2 Nb5 39. Kd3 Kd6 40. Rc1 Kd5 41. g4 Nc7 42. h4 h6 43. h5 Nb5 44. Rb1 Kd6 45. Bb4+ Nxb4+ 46. Rxb4 Ke7 47. Rc4 Kd8 48. Rc5 Nc3 49. Rc4 Nb5 50. Rc2 Nd6 51. Rb2 Nb5 52. Ke4 Nd6+ 53. Kd3 Nb5 54. Rc2 Nc3 55. Rb2 Nb5 56. Rc2 Nc3 57. Rb2 Nb5 58. Ke4 Nd6+ 59. Kd3 Nb5 60. Rb1 d5 61. Rc1 1/2-1/2

[Variant "Standard"]
[Site "Europe Echecs"]

[Event "Championnat du monde jeunes U12"]
[Date "2024.11.20"]
[White "Zhang, Sean"]
[Black "Platonovs, Nikolajs"]
[WhiteElo "1789"]
[BlackElo "1969"]
[Round "6.29"]
[Result "0-1"]
[TimeControl "5400+30"]

1. d4 d5 2. Bf4 c5 3. e3 Nc6 4. c3 Qb6 5. Qb3 c4 6. Qc2 g6 7. Nd2 Nf6 8. e4 dxe4 9. Nxc4 Qd8 10. Ne3 Qa5 11. b4 Qd8 12. Bc4 Bg7 13. Ne2 O-O 14. O-O Bf5 15. Nxf5 gxf5 16. Qd2 e6 17. Bh6 Bxh6 18. Qxh6 Ng4 19. Qf4 Ne7 20. h3 Ng6 21. Qg3 Nf6 22. Nf4 Rc8 23. Bb3 Qc7 24. Nxg6 hxg6 25. Qxc7 Rxc7 26. c4 Rd8 27. Rfd1 Rcd7 28. d5 exd5 29. Ba4 Rc7 30. cxd5 Rxd5 31. Rac1 Rxd1+ 32. Rxd1 Rc4 33.
Bb3 Rxb4 34. Rd6 Kg7 35. Kf1 a5 36. Bd1 Rb2 37. a4 b5 38. Ra6 Nd5 39. axb5 Nc3 40. Ke1 Rxb5
0-1

[Variant "Standard"]
[Site "Europe Echecs"]

[Event "Championnat du monde jeunes U12"]
[Date "2024.11.20"]
[White "Ilcic, Aleksa"]
[Black "Zhandos, Akarys"]
[WhiteElo "1757"]
[BlackElo "1932"]
[Round "6.30"]
[Result "0-1"]
[TimeControl "5400+30"]

1. d4 Nf6 2. c4 b6 3. Nc3 Bb7 4. Nf3 e6 5. a3 d5 6. cxd5 Nxd5 7. Qc2 c5 8. e4 Nxc3 9. bxc3 Nc6 10. Bb5 a6 11. Bxc6+ Bxc6 12. O-O cxd4 13. Rd1 d3 14. Rxd3 Qc7 15. Rd1 Bc5 16. Nd4 Bb7 17. Bb2 O-O 18. Rac1 Rac8 19. Qe2 Qe7 20. a4 Qh4 21. Re1 Rfd8 22. Rcd1 Qe7 23. Qg4 Ba3 24. Nxe6 fxe6 25. Bxa3 Qxa3 26. Qxe6+ Kh8 27. Qxb6 Rxd1 28. Rxd1 Qe7 29. Qd6 Qxe4 30. Qd8+ Qe8 31. Qxe8+ Rxe8 32. f3 Bc6 33. Rd6 Rc8 34. Kf2 h6 35. Rd4 Be8 36. Ke2 Kh7 37. Kd2 Rc6 38. Rd8 Bg6 39. Ra8 Rd6+ 40. Ke3 Rd3+ 41. Kf2 Rxc3 42. Rxa6 Rc2+ 43. Kg1 Ra2 44. Ra8 Bd3 45. h4 Kg6 46. Ra7 Bc2 47. h5+ Kh7 48. a5 Ba4 49. Ra8 Bc6 50. Rc8 Bb5 51. Rc5 Be8 52. Re5 Bf7 53. Rc5 Re2 54. Kf1 Rd2 55. Kg1 Rd5 56. Rxd5 Bxd5 57. a6 Kg8 58. Kf2 Kf7 59. g4 Ke6 60. Kg3 Ke5 61. f4+ Ke4 62. a7 Bc6 63. f5 Ke5 64. Kh2 Kf4 65. Kh3 Ba8 66. Kh4 Bg2 67. a8=N Bxa8 0-1

[Variant "Standard"]
[Site "Europe Echecs"]

[Event "Championnat du monde jeunes U12"]
[Date "2024.11.20"]
[White "Farzaleev, Daniyar"]
[Black "Zhang, Haoxuan"]
[WhiteElo "1622"]
[BlackElo "1932"]
[Round "6.31"]
[Result "0-1"]
[TimeControl "5400+30"]

1. d4 Nf6 2. Nf3 e6 3. c4 d5 4. g3 Be7 5. Bg2 O-O 6. O-O c6 7. Nc3 Nbd7 8. Qc2 dxc4 9. Rd1 Nd5 10. e4 Nb4 11. Qe2 Nd3 12. Ne1 Nxe1 13. Qxe1 Qc7 14. Bf4 e5 15. dxe5 Nxe5 16. Qe3 f6 17. h3 g5 18. Bxe5 fxe5 19. Rd2 Be6 20. Rad1 b5 21. a3 Qb6 22. Qxb6 axb6 23. Nd5 cxd5 24. exd5 Bd7 25. d6 Bf6 26. Bxa8 Rxa8 27. f3 Rd8 28. Kf2 Kf7 29. Re1 Bc6 30. Rf1 Ke6 31. Rfd1 h5 32. Ke2 Rd7 33. Kf2 Rf7 34. Re1 Bg7 35. Re3 Bf8 36. d7 Bxd7 37. Kg2 Bc5 38. Re1 Bc6 39. Rf1 g4 0-1

[Variant "Standard"]
[Site "Europe Echecs"]

[Event "Championnat du monde jeunes U12"]
[Date "2024.11.20"]
[White "Rueda Ahumada, Gabriel Omar"]
[Black "Yu, Zhe"]
[WhiteElo "1928"]
[BlackElo "1697"]
[Round "6.32"]
[Result "0-1"]
[TimeControl "5400+30"]

1. d4 Nf6 2. c4 c5 3. d5 e6 4. Nc3 exd5 5. cxd5 d6 6. e4 Be7 7. Bd3 O-O 8. f4 Qb6 9. Nf3 Re8 10. Bc2 Bf8 11. O-O Na6 12. e5 dxe5 13. fxe5 Ng4 14. Bxh7+ Kxh7 15. Ng5+ Kg8 16. e6 f5 17. h3 c4+ 18. Kh1 Nf2+ 19. Rxf2 Qxf2 20. Be3 Qh4 21. Qf3 g6 22. Rd1 Nc7 23. g3 Qh8 24. Rd4 Bxe6 25. Rh4 Qxc3 26. bxc3 Bxd5 27. Ne4 Rxe4 28.
Kh2 Rxh4 29. Qd1 Re4 30. Bf4 Rae8 31. g4 Rxf4 32. Kg3 Bd6 33. Kh4 Re3 34. Kg5 Kg7 35. Qd4+ Rxd4 0-1

[Variant "Standard"]
[Site "Europe Echecs"]

[Event "Championnat du monde jeunes U12"]
[Date "2024.11.20"]
[White "Shirinov, Yashar"]
[Black "Nicot, Valentin"]
[WhiteElo "1642"]
[BlackElo "2078"]
[Round "6.33"]
[Result "1-0"]
[TimeControl "5400+30"]

1. Nf3 f5 2. g3 Nf6 3. Bg2 d6 4. d4 e6 5. O-O Be7 6. c4 O-O 7. Qc2 Ne4 8. Nbd2 Nxd2 9. Bxd2 Bf6 10. Bc3 a5 11. Rad1 Qe8 12. e4 fxe4 13. Qxe4 Qh5 14. Rfe1 d5 15. Qf4 Nc6 16. Qe3 Nb4 17. Bxb4 axb4 18. cxd5 exd5 19. Ne5 c6 20. Qb3 Bxe5 21. Rxe5 Qf7 22. f4 Bg4 23. Rde1 Rae8 24. Qxb4 Rxe5 25. Rxe5 Qg6 26. h3 Bxh3 27. Bxh3 Qxg3+ 28. Bg2 Qxf4 29. Re2 Qc1+ 30. Qe1 Qf4 31. Qd2 Qd6 32. Qg5 Qf4 33. Qxf4 Rxf4 34. Rd2 Kf7 35. Rf2 Rxf2 36. Kxf2 Ke6 37. Bh3+ Kd6 38. Ke3 c5 39. a4 b6 40. Bf5 h5 41. Bg6 h4 42. Bf5 g5 43. Bg4 Kc6 44. Kd3 Kd6 45. b3 Kc6 46. Kc3 Kd6 47. b4 c4 48. a5 b5 49. Bf5 Kc6 50. Be6 Kd6 51. a6 h3 52. Bxh3 Kc6 53. Bc8 Kb6 54. Bb7 g4 55. Bxd5 Kxa6 56. Be4 Kb6 57. Kd2 Kc7 58. Ke3 Kd6 59. Kf4 c3 60. Ke3 c2 1-0

[Variant "Standard"]
[Site "Europe Echecs"]

[Event "Championnat du monde jeunes U12"]
[Date "2024.11.20"]
[White "Saminskij, Jan"]
[Black "Fadeev, Justin Michael"]
[WhiteElo "2202"]
[BlackElo "1878"]
[Round "6.34"]
[Result "1-0"]
[TimeControl "5400+30"]

1. e4 e6 2. d4 d5 3. Nc3 Bb4 4. e5 c5 5. Bd2 Ne7 6. a3 cxd4 7. axb4 dxc3 8. Bxc3 O-O 9. Nf3 b6 10. Bd3 Ng6 11. Qd2 Bb7 12. O-O d4 13. Nxd4 Nxe5 14. Rfe1 Nxd3 15. Qxd3 Qg5 16. f3 Nc6 17. Nxc6 Bxc6 18. Re5 Qg6 19. Qe3 h6 20. b5 Bd5 21. Ra4 f6 22. Rg4 Qxg4 23. fxg4 fxe5 24. Qxe5 Rf7 25.
h4 Kh7 26. g5 h5 27. Qe2 g6 28. Bf6 Re8 29. c4 Bb7 30. Qe5 Rd7 31. b3 Kg8 32. Kh2 Ba8 33. Kg1 Rd1+ 34. Kf2 Rd7 35. b4 Bb7 36. c5 bxc5 37. bxc5 Bd5 38. c6 Rf7 39. Qd6 Rc8 40. Qa3 Bc4 41. Qa4 Bd5 42. Qc2 Rxf6+ 43. gxf6 Kf7 44. Qc5 Kxf6 45. Qd4+ Kf5 46. Ke3 g5 47. hxg5 Kxg5 48. Qxa7 Bxc6 49. Qc5+ Kf6 50. bxc6 e5 51. Qd6+ Kg5 52. Qxe5+ Kh6 53. Qe6+ Kg5 54. Qxc8 h4 55. Qe6 h3 56. gxh3 Kh5 57. Kf4 Kh4 58. Qg4# 1-0

[Variant "Standard"]
[Site "Europe Echecs"]

[Event "Championnat du monde jeunes U12"]
[Date "2024.11.20"]
[White "Liu, Richard Jingjie"]
[Black "Nguyen, Khoi"]
[WhiteElo "1795"]
[BlackElo "1994"]
[Round "6.35"]
[Result "0-1"]
[TimeControl "5400+30"]

1. e4 e6 2. d4 d5 3. e5 c5 4. c3 Nc6 5. Nf3 Bd7 6. a3 Nge7 7. Bd3 cxd4 8. cxd4 Nf5 9. Bxf5 exf5 10. Nc3 Be6 11. O-O Be7 12. Ne1 Qb6 13. Nc2 O-O 14. Kh1 Rac8 15. f4 Na5 16. Ne3 Rfd8 17. g4 Nc4 18. Na4 Qc7 19. Nxf5 Bxf5 20. gxf5 Qd7 21. b3 Na5 22. Bd2 Nc6 23. f6 gxf6 24. Rg1+ Kh8 25. Qh5 Rg8 26. Qxf7 Nxd4 27. exf6 Qh3 28. Raf1 Nf3 0-1

[Variant "Standard"]
[Site "Europe Echecs"]

[Event "Championnat du monde jeunes U12"]
[Date "2024.11.20"]
[White "Nguyen Le Nguyen"]
[Black "Sun, Kevin"]
[WhiteElo "1782"]
[BlackElo "1966"]
[Round "6.36"]
[Result "0-1"]
[TimeControl "5400+30"]

1. e4 c5 2. Nc3 Nc6 3. Bb5 Nd4 4. Nf3 e6 5. O-O a6 6. Bd3 Nxf3+ 7. Qxf3 Bd6 8. b3 Ne7 9. Qg4 h5 10. Qg5 Qc7 11. f4 Ng6 12. e5 Be7 13. Qg3 Rh6 14. Ne4 b6 15. Bb2 h4 16. Qg4 h3 17. f5 hxg2 18. Rf2 Nxe5 19. Qxg7 Nf3+ 20. Kxg2 Bf8 21.
Qg8 Nd4 22. Kg1 Bb7 23. Ng5 O-O-O 24.
Nxf7 Rxh2 25. Rxh2 Nf3+ 26. Kf2 Qxh2+ 27. Qg2 Qxg2+ 28. Kxg2 Ne5+ 29. Kh3 Nxf7 0-1

[Variant "Standard"]
[Site "Europe Echecs"]

[Event "Championnat du monde jeunes U12"]
[Date "2024.11.20"]
[White "El Zein, Bassam"]
[Black "Aadik Theophane Lenin"]
[WhiteElo "1947"]
[BlackElo "1857"]
[Round "6.37"]
[Result "0-1"]
[TimeControl "5400+30"]

1. d4 Nf6 2. Bg5 d5 3. e3 g6 4. Nd2 Bg7 5. Ngf3 O-O 6. c4 c6 7. Bd3 dxc4 8. Nxc4 b5 9. Nce5 Nd5 10. Qc1 f6 11. Nxc6 Nxc6 12. Qxc6 Nb4 13. Qxa8 Nxd3+ 14. Ke2 fxg5 15. Qxa7 g4 16. Nd2 Nxf2 17. Rhf1 g3 18. hxg3 Bg4+ 19. Nf3 Ne4 20. Rfe1 Qd5 21.
Qa3 Nxg3+ 22. Kd2 Ne4+ 23. Kd1 Rxf3 24.
gxf3 Bxf3+ 25. Re2 Ng3 26. Kd2 Nxe2 27. Qb3 Qxb3 28. axb3 g5 29. Ke1 g4 30.
Ra5 g3 31. Rxb5 g2 32. Rg5 g1=Q+ 33.
Rxg1 Nxg1 34. Kf2 Bd5 35. Kxg1 Bxb3 36.
Kf2 e5 37. dxe5 Bxe5 38. Kf3 Bxb2 39.
e4 Be5 40. Kg4 Be6+ 41. Kh5 Bf6 42.
Kh6 Bf7 43. e5 Bxe5 44. Kg5 Bg6 45.
Kh4 h5 46. Kh3 Bf6 47. Kg3 Bf5 48. Kf4 Be6 49. Kg3 h4+ 50. Kh2 h3 51. Kh1 Be5 52. Kg1 Bg3 53. Kf1 Bg4 54. Kg1 Be2 55. Kh1 Bf3+ 56. Kg1 h2+ 57. Kf1 h1=R# 0-1

[Variant "Standard"]
[Site "Europe Echecs"]

[Event "Championnat du monde jeunes U12"]
[Date "2024.11.20"]
[White "Mai, Duc Kien"]
[Black "Chen, Jun-Wei"]
[WhiteElo "1771"]
[BlackElo "1907"]
[Round "6.38"]
[Result "1/2-1/2"]
[TimeControl "5400+30"]

1. e4 c5 2. Nf3 e6 3. d4 cxd4 4. Nxd4 Nc6 5. Nc3 Qc7 6. a3 a6 7. Be3 b5 8. Qd2 Bb7 9. O-O-O Nf6 10. f3 Rc8 11. Nxc6 Bxc6 12. g4 h6 13. Kb1 b4 14. axb4 Bxb4 15. Qd4 Ba5 16. h4 d5 17. exd5 Nxd5 18. Nxd5 Bxd5 19. Bd3 O-O 20. Rhf1 Rfd8 21. Qf4 Qb7 22. Be4 Bc3 23. Bc1 Rb8 24. Bxd5 exd5 25. b3 d4 26. Rd3 Rdc8 27. Bb2 Bxb2 28. Kxb2 Qc6 29. Qd2 a5 30. Rxd4 a4 31. Rc1 g6 32. g5 h5 33. f4 axb3 34. cxb3 Qxc1+ 35. Qxc1 Rxc1 36. Kxc1 Rxb3 37. Kd2 Rh3 38. Rd6 Rxh4 39. Ke3 Rh3+ 40. Kf2 Kf8 41. Kg2 Ra3 42. Rb6 Rd3 43. Kf2 Ke7 44. Kg2 Rd6 45. Rb7+ Ke6 46. Rb5 f6 47. gxf6 Kxf6 48. Kg3 Rd3+ 49. Kg2 Ke6 50. Re5+ Kf6 51. Ra5 Kf7 52. Rb5 Rd6 53. Kg3 Kg7 54. Kg2 Kh6 55. Kg3 Rd3+ 56. Kg2 h4 57. Ra5 Rg3+ 58. Kf2 Rb3 59. Kg2 h3+ 60. Kh2 Rf3 61. Rb5 Rxf4 62. Kxh3 Ra4 63. Kg3 Ra3+ 64. Kg4 Ra1 65. Rb6 Ra4+ 66. Kg3 Kh5 67. Rb5+ g5 68. Rb3 Ra1 69. Rc3 Rg1+ 70. Kh2 Rg4 71. Kh3 Re4 72. Kg3 Rg4+ 73. Kh3 Re4 74. Kg3 Rg4+ 75. Kh3 Re4 1/2-1/2

[Variant "Standard"]
[Site "Europe Echecs"]

[Event "Championnat du monde jeunes U12"]
[Date "2024.11.20"]
[White "Tona, Leonardo"]
[Black "Konstantinides, Savvas"]
[WhiteElo "1906"]
[BlackElo "1839"]
[Round "6.39"]
[Result "1-0"]
[TimeControl "5400+30"]

1. e4 c5 2. Nc3 a6 3. f4 b5 4. g3 Bb7 5. Bg2 e6 6. d3 Nf6 7. Nf3 d5 8. e5 d4 9. Ne2 Nd5 10. O-O h5 11. h3 Nd7 12. Bd2 Rc8 13. Kh2 Be7 14. Qe1 Qc7 15. a3 h4 16. gxh4 Nf8 17. Qg3 Ng6 18. Ng5 Nxh4 19. Be4 Ne3 20. Bxe3 Bxe4 21. dxe4 dxe3 22. Nf3 Ng6 23. Rad1 Rd8 24. Rxd8+ Kxd8 25. Rd1+ Kc8 26. f5 exf5 27. exf5 Bh4 28. Nxh4 Nxh4 29. Qxg7 Qxe5+ 30. Qxe5 Nf3+ 31. Kg3 Nxe5 32. Rd5 Nd7 33. Rd6 a5 34. Ra6 Kb7 35. Rxa5 Kc6 36. Ra7 Rd8 37. Ra6+ Kd5 38. Kf4 Rh8 39. Nc3+ Kc4 40. Rd6 b4 41. axb4 cxb4 42. Rc6+ Nc5 43. Ne2 Rxh3 44. Ke5 b3 45. cxb3+ Kb5 46. Nd4+ Kb4 47. Rb6+ Ka5 48. Rb5+ Ka6 49. Rxc5 e2 50. Nxe2 Re3+ 51. Kf6 Rxe2 52. Kxf7 Kb6 53. Rc3 Rxb2 54. f6 1-0

[Variant "Standard"]
[Site "Europe Echecs"]

[Event "Championnat du monde jeunes U12"]
[Date "2024.11.20"]
[White "Leht, Karl Samuel"]
[Black "Belyaletdinov, Leonard"]
[WhiteElo "1701"]
[BlackElo "1903"]
[Round "6.40"]
[Result "0-1"]
[TimeControl "5400+30"]

1. d4 d5 2. c4 e6 3. Nc3 Nf6 4. Bf4 Be7 5. e3 O-O 6. Nf3 b6 7. Rc1 Bb7 8. Be2 Nbd7 9. O-O Rc8 10. cxd5 Nxd5 11. Nxd5 exd5 12. Qb3 Nf6 13. Rc2 Ne4 14. Rfc1 Bd6 15. Ne5 c5 16. Qa4 f6 17. f3 Qe7 18. Nd3 Bc6 19. Qa3 c4 20. Bxd6 Nxd6 21. Nf2 Qd7 22. e4 Nb5 23. Qe3 Rfe8 24. Qd2 dxe4 25. Bxc4+ Kh8 26. d5 e3 27. Qd3 exf2+ 28. Kxf2 Rcd8 29. Rd2 Qe7 30. Rcd1 Qc5+ 31. Kf1 Bd7 32. b4 Qxb4 33. Rb1 Qd6 34. Bxb5 Qxh2 35. Bxd7 Rxd7 36. Qf5 Qh1+ 37.
Kf2 Qh4+ 38. Kf1 Rde7 0-1

[Variant "Standard"]
[Site "Europe Echecs"]

[Event "Championnat du monde jeunes U12"]
[Date "2024.11.20"]
[White "Huseynov, Ahmed"]
[Black "Padure, Dragos-Alexandru"]
[WhiteElo "1886"]
[BlackElo "1822"]
[Round "6.42"]
[Result "1/2-1/2"]
[TimeControl "5400+30"]

1. d4 Nf6 2. c4 g6 3. Nf3 Bg7 4. g3 O-O 5. Bg2 c6 6. O-O d5 7. cxd5 cxd5 8. Ne5 Nc6 9. Nc3 e6 10. Be3 Nxe5 11. dxe5 Ng4 12. Bc5 Re8 13. f4 Nh6 14. e4 Qc7 15. Bf2 dxe4 16. Nxe4 Rd8 17. Qe2 Bd7 18. Rac1 Qa5 19. Nd6 Bc6 20. Bxc6 bxc6 21. b3 Nf5 22. Nxf5 gxf5 23. Rxc6 Rd2 24. Ra6 Qd5 25. Qc4 Qxc4 26. bxc4 Rc2 27. Rb1 Rxc4 28. Rb7 Bf8 29. Raxa7 Rxa7 30. Rxa7 Rc1+ 31. Kg2 Rc2 32. Ra8 Kg7 33. Kf3 Rc3+ 34. Ke2 Rc2+ 35. Kf1 Rc1+ 36. Kg2 Rc2 1/2-1/2

[Variant "Standard"]
[Site "Europe Echecs"]

[Event "Championnat du monde jeunes U12"]
[Date "2024.11.20"]
[White "Sason, Noam"]
[Black "Wang, Zihao(SH)"]
[WhiteElo "2017"]
[BlackElo "1773"]
[Round "6.43"]
[Result "0-1"]
[TimeControl "5400+30"]

1. Nf3 Nf6 2. g3 g6 3. Bg2 Bg7 4. O-O O-O 5. d3 d5 6. Nbd2 Re8 7. e4 e5 8. exd5 Nxd5 9. Re1 c5 10. Nc4 Nc6 11. a4 b6 12. Ng5 f6 13. Ne4 Be6 14. Ned6 Rf8 15. f4 Qd7 16. c3 Rab8 17. Qf3 Nde7 18. Ne4 Bxc4 19. dxc4 f5 20. Nf2 e4 21. Qe2 Na5 22. Be3 Rfd8 23. Bf1 Qe6 24. Rad1 Kf7 25. Rxd8 Rxd8 26. Rd1 Rxd1 27. Nxd1 Nc8 28. Bf2 Qd7 29. Qc2 Ne7 30. Ne3 Qd6 31. Be2 Bf6 32. Kf1 h6 33. Qd1 Ke6 34. Ke1 Qc6 35. g4 Nb7 36. gxf5+ gxf5 37. Bh5 Qd6 38. Nd5 Nd8 39. Nxf6 Qxd1+ 40. Kxd1 Kxf6 41. Kd2 Ke6 42. b4 Nb7 43. Be8 a5 44. Bb5 Kd6 45. h4 Nc6 46. bxa5 Ncxa5 47. h5 Ke6 48.
Bh4 Nd6 49. Bd8 Naxc4+ 50. Ke2 Nxb5 51.
axb5 Kd7 52. Bf6 Nd6 53. Bg7 Nxb5 54.
Kd2 Ke6 55. Bxh6 Kf7 56. Bg5 Nd6 57. Ke2 b5 58. Bd8 Nb7 59. Bh4 Kg7 60. Bg5 c4 61. Ke3 Nc5 62. Kd4 Ne6+ 63. Ke5 Nxg5 64. fxg5 e3 65. h6+ Kg6 66. Kd4 0-1

[Variant "Standard"]
[Site "Europe Echecs"]

[Event "Championnat du monde jeunes U12"]
[Date "2024.11.20"]
[White "Vaidyanathan, Adithya"]
[Black "Park, Onyoo"]
[WhiteElo "2018"]
[BlackElo "1710"]
[Round "6.44"]
[Result "0-1"]
[TimeControl "5400+30"]

1. d4 Nf6 2. Nf3 d5 3. c4 dxc4 4. Nc3 a6 5. a4 e6 6. e4 Bb4 7. e5 Nd5 8. Bd2 c5 9. dxc5 Nxc3 10. Bxc3 Bxc3+ 11. bxc3 Qa5 12. Qd4 Nd7 13. c6 bxc6 14. Bxc4 c5 15. Qd3 Nb6 16. O-O Nxc4 17. Qxc4 Bb7 18. Ng5 Bd5 19. Qd3 Rd8 20. Qg3 h6 21. Nh3 O-O 22. Nf4 Be4 23. Rfe1 Bf5 24. Qe3 Rb8 25. Red1 Rfd8 26. Rd6 Qxa4 27. Re1 Rxd6 28. exd6 Rd8 29. Nh5 Qg4 30. Ng3 Rxd6 31. Qxc5 Rd1 32. Qe3 Rxe1+ 33. Qxe1 Bd3 34. h3 Qg5 35. Qd1 Qb5 36. Qf3 Qd5 37. Qf4 a5 38. Qb8+ Kh7 39. Qf8 Bg6 40. Qa3 Qd1+ 41. Kh2 a4 42. f4 Qb3 43. Qc5 a3 44. f5 exf5 45. Nxf5 Qb8+ 46. g3 Qb2+ 47. Kg1 a2 0-1

[Variant "Standard"]
[Site "Europe Echecs"]

[Event "Championnat du monde jeunes U12"]
[Date "2024.11.20"]
[White "Miransh Vyas"]
[Black "Vorobyov, Radmir"]
[WhiteElo "1705"]
[BlackElo "2017"]
[Round "6.45"]
[Result "1-0"]
[TimeControl "5400+30"]

1. d4 f5 2. Nc3 Nf6 3. Bg5 g6 4. h4 h6 5. Bxf6 exf6 6. e4 d6 7. Bd3 fxe4 8. Bxe4 f5 9. Bd3 Nc6 10. Nge2 Bg7 11. Bc4 Na5 12. Qd3 c6 13. Nf4 d5 14. Bb3 Nxb3 15. axb3 Qd6 16. Qe3+ Kf7 17. O-O-O Re8 18. Qf3 a5 19. Na4 Re4 20. Ne2 b5 21. Nc5 Re7 22. c3 a4 23. b4 a3 24. bxa3 Rxa3 25. Kb2 Rea7 26. Ra1 Rxa1 27. Rxa1 Rxa1 28. Kxa1 Qe7 29. g3 Bf8 30. Nd3 Qa7+ 31. Kb2 Bg7 32. Nc5 Bf8 33. Nd3 Bd6 34. Nef4 Qa4 35. Qe2 Bd7 36. h5 g5 37. Ng6 Qa8 38. Nde5+ Bxe5 39. Nxe5+ Ke7 40. Nxc6+ Kd6 41. Nb8 Be6 42. Qe5+ Ke7 43. Qc7+ Kf6 44. Qd8+ Kf7 45. Qc7+ Kf6 46. Nc6 Qe8 47. Qe5+ Kf7 48. Qd6 Kf6 49. Nd8 Qe7 50. Qe5# 1-0

[Variant "Standard"]
[Site "Europe Echecs"]